Map: Pillars of Gold LE

Players

JoMaC - Winner!

  • Race: Protoss Protoss
  • League: Diamond
  • Spawn Location: 7:00

VOD

Have the link to the VOD?

Description

Spawning Pool Functionality Test

Time

  • Played on: March 8, 2021, 9:14 p.m.
  • Length: 12:55
Show
View Real Time Build Order
Export as new Build Order

JoMaC Protoss - Winner!

Build Orders: 1 Gate Expand 

Get SALT Encoding   

  12  0:03  Probe  
  12  0:15  Probe  
  12  0:25  Pylon  
  12  0:30  Assimilator  
  12  0:31  Probe  
  12  0:43  Probe  
  12  0:52  Gateway  
  12  0:55  Probe (Chrono Boost)  
  12  1:07  Probe (Chrono Boost)  
  12  1:11  Probe (Chrono Boost)  
  12  1:29  Nexus  
  12  1:42  Cybernetics Core  
  12  1:46  Probe (Chrono Boost)  
  12  1:55  Probe (Chrono Boost)  
  12  2:00  Probe (Chrono Boost)  
  12  2:03  Assimilator  
  12  2:12  Probe  
  12  2:22  Warp Gate  
  12  2:32  Gateway  
  12  2:41  Probe  
  12  2:42  Pylon, Probe  
  12  2:53  Probe (Chrono Boost)  
  12  2:55  Probe (Chrono Boost)  
  12  3:05  Probe (Chrono Boost)  
  12  3:06  Probe (Chrono Boost)  
  12  3:07  Shield Battery  
  12  3:09  Probe (Chrono Boost)  
  12  3:10  Probe (Chrono Boost)  
  12  3:15  Gateway  
  12  3:18  Twilight Council  
  12  3:21  Robotics Facility  
  12  3:24  Probe (Chrono Boost)  
  12  3:30  Probe (Chrono Boost)  
  12  3:34  Zealot  
  12  3:35  Zealot, Probe (Chrono Boost)  
  12  3:40  Probe x2 (Chrono Boost)  
  12  3:51  Probe  
  12  3:53  Probe  
  12  3:55  Charge  
  12  4:03  Probe  
  12  4:05  Probe  
  12  4:20  Assimilator  
  12  4:24  Assimilator  
  12  4:32  Pylon  
  12  4:42  Pylon  
  12  4:46  Pylon  
  12  4:50  Immortal, Pylon  
  12  4:52  Probe (Chrono Boost)  
  12  4:58  Probe (Chrono Boost)  
  12  5:00  Stalker  
  12  5:01  Pylon, Stalker x2  
  12  5:02  Probe (Chrono Boost)  
  12  5:05  Pylon  
  12  5:06  Probe (Chrono Boost)  
  12  5:07  Probe (Chrono Boost)  
  12  5:08  Pylon  
  12  5:16  Probe  
  12  5:18  Probe  
  12  5:28  Probe  
  12  5:31  Nexus, Probe  
  12  5:38  Stalker x3  
  12  5:40  Probe  
  12  5:45  Robotics Bay  
  12  5:49  Gateway  
  12  5:57  Immortal  
  12  5:59  Blink  
  12  6:01  Probe x2  
  12  6:13  Probe x2  
  12  6:17  Zealot x2  
  12  6:27  Zealot  
  12  6:35  Extended Thermal Lance  
  12  6:36  Colossus  
  12  6:43  Robotics Facility  
  12  6:45  Gateway x2  
  12  6:55  Probe x2 (Chrono Boost)  
  12  6:56  Probe (Chrono Boost)  
  12  7:05  Probe x3 (Chrono Boost)  
  12  7:15  Zealot x2  
  12  7:16  Zealot x2  
  12  7:29  Gateway  
  12  7:32  Gateway  
  12  7:35  Colossus, Gateway  
  12  7:37  Gateway  
  12  7:44  Pylon  
  12  7:47  Pylon  
  12  7:50  Pylon  
  12  7:52  Pylon  
  12  7:57  Pylon  
  12  7:59  Probe  
  12  8:02  Probe x2, Pylon  
  12  8:03  Assimilator  
  12  8:07  Assimilator  
  12  8:09  Zealot x5  
  12  8:10  Zealot  
  12  8:12  Probe  
  12  8:36  Pylon  
  12  8:38  Pylon  
  12  8:40  Stalker x5  
  12  8:42  Stalker x4  
  12  8:44  Stalker  
  12  8:56  Pylon  
  12  8:58  Pylon  
  12  9:00  Pylon  
  12  9:02  Pylon  
  12  9:14  Stalker x2  
  12  9:15  Stalker x3  
  12  9:17  Stalker x2  
  12  9:19  Zealot  
  12  9:29  Zealot x2  
  12  9:38  Zealot x4  
  12  9:39  Zealot  
  12  9:40  Zealot  
  12  9:41  Zealot  
  12  9:51  Colossus (Chrono Boost)  
  12  10:21  Zealot x3  
  12  10:22  Zealot  
  12  10:48  Nexus  
  12  10:58  Nexus  
  12  11:07  Colossus  
Tags
 
Add a new tag
Caveats
  • Supply blocks, unpowered buildings, or Contaminate may cause inaccurate times.
  • Supply counts are checked every 10 seconds.